Map: 2000 Atmospheres LE

Players

Massa

  • Race: Terran Terran
  • League: Platinum

VOD

Have the link to the VOD?

Description

Time

  • Played on: April 8, 2021, 11:16 a.m.
  • Length: 5:20
Show
View Real Time Build Order
Export as new Build Order

Massa Terran 

Build Orders:  

Get SALT Encoding   

  12  0:00  SCV  
  13  0:17  SCV  
  14  0:25  Supply Depot  
  14  0:34  SCV  
  15  0:55  SCV  
  15  0:58  Barracks  
  16  1:03  Refinery  
  16  1:12  SCV  
  17  1:29  SCV  
  18  2:03  Orbital Command  
  19  2:10  Reaper  
  19  2:19  Command Center  
  19  2:31  Supply Depot  
  19  2:41  SCV  
  20  2:50  Marine  
  20  2:56  Factory  
  21  3:08  SCV  
  22  3:20  Barracks Reactor  
  22  3:25  SCV  
  23  3:48  Command Center  
  23  3:55  SCV  
  24  4:19  Starport  
  24  4:24  SCV  
  24  4:26  Refinery, Orbital Command  
  25  4:33  Hellion  
  25  4:38  Barracks Reactor  
  27  4:41  SCV  
  27  4:42  Hellion  
  30  4:57  SCV  
Tags
 
Add a new tag
Caveats
  • Supply blocks, unpowered buildings, or Contaminate may cause inaccurate times.
  • Supply counts are checked every 10 seconds.